 Dungeon Crawl Stone Soup version 0.30-a0-234-g97d66968fd (webtiles) character file.

Game seed: 10495177691286920775

6219 BlueGoblin the Thaumaturge (level 10, -3/68 HPs)
             Began as a Demonspawn Fire Elementalist on Oct 10, 2022.
             Was a Believer of Dithmenos.
             Slain by a gargoyle
             ... wielding a +4 quarterstaff
              (23 damage)
             ... on level 9 of the Dungeon.
             The game lasted 00:29:55 (13188 turns).

BlueGoblin the Thaumaturge (DsFE)                  Turns: 13188, Time: 00:29:56

Health: -3/68      AC: 10    Str:  9    XL:     10   Next: 61%
Magic:  19/24      EV: 13    Int: 25    God:    Dithmenos [**....]
Gold:   567        SH:  0    Dex: 16    Spells: 18/29 levels left

rFire   + . .      SeeInvis .    c - +1 dagger (spect)
rCold   . . .      Faith    .    (no shield)
rNeg    . . .      Spirit   .    y - +0 leather armour "Kaigh" {rElec Dex+3}
rPois   .          Reflect  .    (no helmet)
rElec   +          Harm     .    l - +2 cloak
rCorr   .          Rampage  .    (no gloves)
Will    .....                    (no boots)
Stlth   ++........               (no amulet)
HPRegen 0.31/turn                x - +4 ring of protection
MPRegen 0.38/turn                j - ring of protection from fire

@: wreathed by umbra
A: foul stench 1, magic regeneration, big brain 2, demonic touch 2
a: Renounce Religion, Shadow Step


You were on level 9 of the Dungeon.
You worshipped Dithmenos.
Dithmenos was pleased with you.
You visited 2 branches of the dungeon, and saw 10 of its levels.

You collected 567 gold pieces.

Inventory:

Hand Weapons
 c - a +1 spectral dagger (weapon)
 d - a +0 rapier
 G - a +2 dagger of pain
Missiles
 a - 2 throwing nets
 H - 4 curare-tipped darts
 I - 2 poisoned darts
Armour
 l - a +2 cloak (worn)
 o - a +0 buckler
 y - the +0 leather armour "Kaigh" (worn) {rElec Dex+3}
   (You found it on level 6 of the Dungeon)

   Dex:       It affects your dexterity (+3).
   rElec:     It insulates you from electricity.
 F - a scarf of repulsion
Jewellery
 e - an amulet of guardian spirit
 f - a +6 ring of dexterity
 j - a ring of protection from fire (right hand)
 w - a +6 ring of dexterity
 x - a +4 ring of protection (left hand)
Wands
 p - a wand of flame (22)
 v - a wand of paralysis (15)
 C - a wand of light (3)
 D - a wand of iceblast (9)
Scrolls
 g - 4 scrolls of teleportation
 h - 2 scrolls of noise
 i - 4 scrolls of immolation
 z - a scroll of blinking
 A - a scroll of enchant armour {unknown}
 B - 4 scrolls of identify
 E - a scroll of poison {unknown}
Potions
 b - a potion of magic
 k - 2 potions of flight
 n - 2 potions of lignification
 q - 3 potions of curing
 r - a potion of might {unknown}
 s - 2 potions of attraction {unknown}
 t - 2 potions of berserk rage {unknown}
 u - a potion of brilliance {unknown}


   Skills:
 + Level 2.3 Fighting
 + Level 2.7 Armour
 + Level 4.2 Dodging
 - Level 1.7 Stealth
 + Level 10.4 Spellcasting
 - Level 1.0 Conjurations
 * Level 10.1 Hexes
 - Level 2.6 Fire Magic


You had 18 spell levels left.
You knew the following spells:

 Your Spells              Type           Power      Damage    Failure   Level
a - Inner Flame           Hex/Fire       45%        N/A       1%          3
q - Foxfire               Conj/Fire      88%        2x1d8     3%          1
w - Portal Projectile     Hex/Tloc       76%        N/A       2%          3
x - Leda's Liquefaction   Hex/Erth       19%        N/A       8%          4

Your spell library contained the following spells:

 Spells                   Type           Power      Damage    Failure   Level
 Scorch                   Fire           52%        2d7       3%          2
 Kindle Blastsparks       Fire/Tloc/Air  34%        2d12      14%         3
 Call Canine Familiar     Summ           13%        N/A       19%         3
 Flame Wave               Conj/Fire      22%        2d8       30%         4
 Sticky Flame             Conj/Fire      22%        2d4       30%         4
 Conjure Ball Lightning   Conj/Air       7%         3x3d6     100%        6
 Discord                  Hex            29%        N/A       100%        8
 Disjunction              Tloc           6%         N/A       100%        8


Dungeon Overview and Level Annotations

Branches:
Dungeon (9/15)             Temple (1/1) D:4            Lair (0/5) D:8
    Orc (0/2) D:9

Altars:
Cheibriados
Dithmenos
Fedhas
Gozag
Hepliaklqana
Kikubaaqudgha
Makhleb
Okawaru
Qazlal
Sif Muna
Trog
Uskayaw
Vehumet
Wu Jian
Xom
Yredelemnul

Shops:
D:6 !

Annotations:
D:9 exclusion: ice statue


Innate Abilities, Weirdness & Mutations

You may rarely emit foul miasma when damaged in melee.
You regenerate magic rapidly.
You have an extremely huge brain. (Int +4)
Your touch may inflict irresistible damage on your foes.


Message History

The foxfire hits the gargoyle but does no damage.
The gargoyle is moderately damaged.
Casting: Foxfire (safe; 3% risk of failure)
Confirm with . or Enter, or press ? or * to list all spells.
You conjure some foxfire!
The gargoyle hurls a stone arrow at you.
The stone arrow hits you!!
The foxfire hits the gargoyle but does no damage.
The gargoyle is moderately damaged.
The foxfire hits the gargoyle but does no damage.
The gargoyle is moderately damaged.
Casting: Foxfire (safe; 3% risk of failure)
Confirm with . or Enter, or press ? or * to list all spells.
You conjure some foxfire!
The foxfire hits the gargoyle but does no damage.
The gargoyle is moderately damaged.
The foxfire hits the gargoyle.
Flame seeps out of the gargoyle.
The gargoyle is heavily damaged.
Casting: Foxfire (safe; 3% risk of failure)
Confirm with . or Enter, or press ? or * to list all spells.
You conjure some foxfire!
The gargoyle attacks as you move away! The gargoyle completely misses you.
The foxfire hits the gargoyle but does no damage.
The gargoyle is heavily damaged.
The foxfire hits the gargoyle but does no damage.
The gargoyle is heavily damaged.
Casting: Foxfire (safe; 3% risk of failure)
Confirm with . or Enter, or press ? or * to list all spells.
You conjure some foxfire!
The gargoyle hits you with a +4 quarterstaff!
* * * LOW HITPOINT WARNING * * *
The foxfire hits the gargoyle but does no damage.
The gargoyle is heavily damaged.
The foxfire hits the gargoyle but does no damage.
The gargoyle is heavily damaged.
Casting: Foxfire (safe; 3% risk of failure)
Confirm with . or Enter, or press ? or * to list all spells.
You conjure some foxfire!
The gargoyle hits you with a +4 quarterstaff!!
You die...

## #.##.###.# ##...### #. #.##.#
#.# ##.## #.8 #.##.###.# #.# #...
###......# #.#
##..§#######§..##### ##'##
....§§§§§§.§§§.# ##...##
...#§§§§§§§§§§.### ##.....##
....§§§§§§§§§§..v## ##.......##
##..§#######§.#9@.####.........##
#... #...#####v....'.........+.
#._. #..#.## ##.####.........##
##.. ###..##.###.## ##.......##
.### #....###.#..# ##.....## ...#
#.##........# ##...## #..#
#.######.######## ##'## #..###.#
#........# #.# #...##.#
#.######.# #.######


You could see a gargoyle (inner flame, ally target).

Vanquished Creatures
  Joseph (D:8)
  A polar bear (D:8)
  Grinder (D:4)
  9 yaks
  Grum (D:8)
  A steam dragon (D:8)
  Menkaure (D:7)
  2 wargs (D:8)
  A water moccasin (D:7)
  7 orc warriors
  An ice beast (D:8)
  3 sky beasts
  A black bear (D:6)
  3 wolves (D:8)
  2 ogres
  3 phantoms
  Blork the orc (D:4)
  5 bullfrogs
  3 scorpions (D:5)
  An electric eel (D:8)
  2 howler monkeys
  Crazy Yiuf (D:2)
  7 orc priests
  5 hounds
  A jelly (D:5)
  2 gnoll boudas (D:5)
  7 orc wizards
  2 centaur simulacra (D:8)
  2 killer bee simulacra (D:8)
  11 gnolls
  8 adders
  2 shadow imps
  2 white imps
  2 ufetubi (D:8)
  2 worms
  A dart slug (D:2)
  34 orcs
  3 ball pythons
  2 bats
  7 endoplasms
  3 giant cockroaches
  14 goblins
  6 hobgoblins
  11 kobolds
  2 quokkas
  4 frilled lizards
  2 rats (D:3)
193 creatures vanquished.

Vanquished Creatures (others)
  618 foxfires
  A fungus (D:2)
  2 plants (D:8)
621 creatures vanquished.

Grand Total: 814 creatures vanquished

Notes
Turn   | Place    | Note
-------+----------+-------------------------------------------
     0 | D:1      | BlueGoblin the Demonspawn Fire Elementalist began the quest
                  | for the Orb.
     0 | D:1      | Reached XP level 1. HP: 13/13 MP: 3/3
   552 | D:1      | Gained mutation: Your touch may inflict minor irresistible
                  | damage on your foes. [demonic ancestry]
   552 | D:1      | Reached XP level 2. HP: 19/19 MP: 0/5
   751 | D:1      | Reached skill level 1 in Hexes
  1708 | D:2      | Found a runed translucent door.
  1709 | D:2      | Noticed Crazy Yiuf
  2010 | D:2      | Reached XP level 3. HP: 22/24 MP: 4/7
  2465 | D:2      | Learned a level 3 spell: Inner Flame
  2637 | D:2      | Found a faded altar of an unknown god.
  2958 | D:2      | Killed Crazy Yiuf
  2959 | D:2      | Reached XP level 4. HP: 16/30 MP: 5/8
  3526 | D:3      | Reached XP level 5. HP: 29/35 MP: 8/10
  3935 | D:3      | Found a snail-covered altar of Cheibriados.
  4347 | D:4      | Noticed Grinder
  4361 | D:4      | Killed Grinder
  4362 | D:4      | Gained mutation: You have an unusually large brain. (Int
                  | +2) [demonic ancestry]
  4362 | D:4      | Reached XP level 6. HP: 24/42 MP: 2/13
  4462 | D:4      | Reached skill level 5 in Spellcasting
  4521 | D:4      | Found a staircase to the Ecumenical Temple.
  4550 | Temple   | Entered the Ecumenical Temple
  4691 | Temple   | Became a worshipper of Dithmenos the Shadowed
  4969 | D:4      | Noticed Blork the orc
  4977 | D:4      | Killed Blork the orc
  4978 | D:4      | Reached skill level 1 in Fighting
  5224 | D:4      | Gained mutation: You may rarely emit foul miasma when
                  | damaged in melee. [demonic ancestry]
  5224 | D:4      | Reached XP level 7. HP: 48/48 MP: 9/15
  5884 | D:5      | Entered Level 5 of the Dungeon
  5993 | D:4      | HP: 1/48 [gnoll/+0 whip[a gnoll bouda] (3)]
  7165 | D:5      | Reached * piety under Dithmenos
  7166 | D:5      | Gained mutation: You regenerate magic rapidly. [demonic
                  | ancestry]
  7166 | D:5      | Reached XP level 8. HP: 27/54 MP: 2/18
  7221 | D:5      | Reached skill level 5 in Hexes
  8001 | D:6      | Found Geployh's Distillery.
  8381 | D:6      | Identified the +0 leather armour "Kaigh" {rElec Dex+3}
  8640 | D:7      | Gained mutation: Your touch may inflict irresistible damage
                  | on your foes. [demonic ancestry]
  8640 | D:7      | Reached XP level 9. HP: 61/61 MP: 15/21
  8673 | D:7      | Found a stormy altar of Qazlal.
  9329 | D:7      | Noticed Menkaure
  9332 | D:7      | Killed Menkaure
  9500 | D:7      | Reached skill level 1 in Armour
  9858 | D:8      | Noticed a polar bear
  9872 | D:8      | Noticed Joseph
  9877 | D:8      | Killed a polar bear
  9900 | D:8      | Killed Joseph
 10151 | D:8      | Reached ** piety under Dithmenos
 10397 | D:8      | Gained mutation: You have an extremely huge brain. (Int +4)
                  | [demonic ancestry]
 10397 | D:8      | Reached XP level 10. HP: 35/67 MP: 16/23
 10563 | D:8      | Found a staircase to the Lair.
 10629 | D:8      | Noticed Grum
 10638 | D:8      | Killed Grum
 11176 | D:8      | Learned a level 4 spell: Leda's Liquefaction
 11180 | D:8      | Learned a level 3 spell: Portal Projectile
 11338 | D:8      | Found a bloodstained altar of Trog.
 11542 | D:8      | Reached skill level 10 in Spellcasting
 12061 | D:9      | Found a staircase to the Orcish Mines.
 12399 | D:9      | Found a hazy altar of Hepliaklqana.
 12400 | D:9      | Found a faded altar of an unknown god.
 12400 | D:9      | Noticed a gargoyle
 13024 | D:9      | Noticed an ice statue
 13053 | D:9      | Reached skill level 10 in Hexes
 13188 | D:9      | Slain by a gargoyle

Illustrated notes

Levels and vault maps discovered:
D:1:      elethiomel_arrival_quiet, layout_basic
D:2:      layout_basic, dreamdust_ecumenical_altar_hidden_monk_grotto,
          uniq_crazy_yiuf_cottage
D:3:      layout_basic, chei_slow_surprise, chequers_serial_rivers_marsh
D:4:      layout_basic, minmay_temple_entry_slanted, uniq_blork_the_orc,
          uniq_grinder
D:5:      minmay_chambers_of_threes, layout_cave_pools
D:6:      layout_gridville, serial_shops, kennysheep_mini
D:7:      layout_basic, nicolae_qazlal_scattered_showers, uniq_menkaure
D:8:      layout_loops_ring, trog_hazing_becter, erik_lair_orcish_takeover,
          serial_ice, serial_ice_l, serial_ice_a, serial_ice_d, serial_ice_o,
          kennysheep_generic_room_11, uniq_grum, uniq_joseph
D:9:      layout_loops_corners, beargit_hepliaklqana_dungeon_heroes,
          david_orc_1_choice, minivault_16
Temple:   regret_index_temple_waves

Skill      XL: |  1  2  3  4  5  6  7  8  9 10 |
---------------+-------------------------------+-----
Dodging        | 2 3 4 |  4.2
Hexes          | 1 2 3 4 6 9 10 | 10.1
Spellcasting   | 3 4 5 6 8 9 10 | 10.4
Fighting       | 1 2 |  2.3
Armour         | 2 |  2.7
Stealth        | |  1.7
Conjurations   | |  1.0
Fire Magic     | |  2.6

Action                   |  1- 3 |  4- 6 |  7- 9 | 10-12 || total
-------------------------+-------+-------+-------+-------++-------
Melee: Dagger            |    36 |    28 |    17 |     4 ||    85
       Punch             |     2 |     1 |     1 |       ||     4
       Unarmed           |     1 |       |       |       ||     1
       Touch             |     8 |     8 |     5 |     1 ||    22
 Cast: Foxfire           |    56 |    88 |   142 |   115 ||   401
       Inner Flame       |       |       |    72 |    50 ||   122
       Leda's Liquefacti |       |       |       |     2 ||     2
  Use: Scroll            |     2 |     3 |     6 |     1 ||    12
       Potion            |       |       |     1 |     4 ||     5
 Stab: Sleeping          |     5 |       |       |       ||     5
Armor: Robe              |     8 |     7 |    11 |       ||    26
       Leather armour    |       |       |    21 |     9 ||    30
Dodge: Dodged            |    15 |    12 |   104 |    19 ||   150

Table legend: (Time is in decaauts)
 A = Elapsed time spent in this place.
 B = Non-inter-level travel time spent in this place.
 C = Inter-level travel time spent in this place.
 D = Time resting spent in this place.
 E = Time spent auto-exploring this place.
 F = Levels seen in this place.
 G = Mean time per level.
                   A        B        C        D        E       F      G
               +--------+--------+--------+--------+--------+-----+--------+
         Total |  13206 |  11919 |   1287 |    972 |   9198 |  10 | 1320.6 |
       Dungeon |  13055 |  11824 |   1231 |    972 |   9117 |   9 | 1450.6 |
        Temple |    151 |     96 |     55 |      0 |     81 |   1 |  151.0 |
               +--------+--------+--------+--------+--------+-----+--------+

Top non-repeatable levels by time:
     D:4: 1739 daAuts
     D:8: 1683 daAuts
     D:1: 1616 daAuts
     D:2: 1558 daAuts
     D:7: 1509 daAuts
     D:5: 1379 daAuts
     D:3: 1291 daAuts
     D:9: 1144 daAuts
     D:6: 1133 daAuts
  Temple: 151 daAuts
